 Dungeon Crawl Stone Soup version 0.20-a0 (webtiles) character file.

2863 dobroeutro the Cruncher (level 9, -1/74 HPs)
             Began as a Demonspawn Gladiator on Oct 27, 2016.
             Slain by a yak (15 damage)
             ... on level 7 of the Dungeon.
             The game lasted 00:13:19 (5674 turns).

dobroeutro the Cruncher (Demonspawn Gladiator)      Turns: 5674, Time: 00:13:20

Health: -1/74      AC: 12    Str: 18    XL:     9   Next: 47%
Magic:  9/9        EV: 13    Int:  9    God:
Gold:   445        SH:  6    Dex: 15    Spells: 0 memorised, 8 levels left

rFire  + . .     SeeInvis .     s - +2 quarterstaff (chaos)
rCold  . . .     Gourm    +     q - +0 ring mail
rNeg   + . .     Faith    .     (shield currently unavailable)
rPois  +         Spirit   .     c - +0 helmet
rElec  +         Reflect  .     y - +2 cloak {rPois}
rCorr  .         Harm     .     e - +0 pair of gloves
MR     +....                    G - +0 pair of boots
Stlth  +.........               A - amulet of the gourmand
                                i - ring of positive energy
                                J - ring of protection from fire

@: no status effects
A: claws 1, talons 1, large bone plates 2, magic resistance 1, powered by death
1, powered by pain 1, electricity resistance, slow regeneration 1
a: no special abilities


You were on level 7 of the Dungeon.
You were completely stuffed.

You visited 2 branches of the dungeon, and saw 8 of its levels.

You collected 445 gold pieces.

Inventory:

Hand Weapons
 a - a +0 quarterstaff
 s - a +2 quarterstaff of chaos (weapon)
Missiles
 d - 3 throwing nets (quivered)
Armour
 c - a +0 helmet (worn)
 e - a +0 pair of gloves (worn)
 q - a +0 ring mail (worn)
 y - a +2 cloak of poison resistance (worn)
 G - a +0 pair of boots (worn)
Jewellery
 i - a ring of positive energy (right hand)
 k - an uncursed ring of resist corrosion
 w - a +5 ring of intelligence
 A - an amulet of the gourmand (around neck)
 B - an uncursed ring of flight
 J - a ring of protection from fire (left hand)
Wands
 E - a wand of lightning (11/15)
 K - a wand of lightning (3/15)
Scrolls
 g - 6 scrolls of identify
 h - 2 scrolls of noise
 j - 4 scrolls of teleportation
 n - a scroll of amnesia
 v - 2 scrolls of fog
 x - a scroll of remove curse
Potions
 l - 2 potions of lignification
 o - a potion of resistance {unknown}
 p - 2 potions of curing
 r - a potion of haste {unknown}
 t - a potion of invisibility {unknown}
 u - 3 potions of degeneration {unknown}
 F - a potion of agility {unknown}
 H - a potion of magic {unknown}
 I - a potion of ambrosia {unknown}
 M - a potion of heal wounds {unknown}
Comestibles
 b - 3 chunks of flesh
 f - 4 bread rations
 m - a beef jerky


   Skills:
 - Level 8.1 Fighting
 + Level 8.8 Staves
 - Level 1.7 Throwing
 + Level 3.1 Armour
 + Level 4.4 Dodging


You had 8 spell levels left.
You didn't know any spells.

Dungeon Overview and Level Annotations

Branches:
Dungeon (7/15)             Temple (1/1) D:4

Altars:
Ashenzari
Cheibriados
Dithmenos
Elyvilon
Fedhas
Gozag
Kikubaaqudgha
Makhleb
Nemelex Xobeh
Qazlal
Ru
Trog
Uskayaw
Vehumet
Xom
Yredelemnul
Zin
The Shining One

Shops:
D:6 (


Innate Abilities, Weirdness & Mutations

You have sharp fingernails.
You are mostly covered in large bone plates. (SH +6)
You regenerate a little health from kills.
You sometimes gain a little power by taking damage.
You have sharp toenails.
You are resistant to hostile enchantments. (MR+)
You are resistant to electric shocks. (rElec)
You regenerate slowly when monsters are visible.


Message History

You block the yak's attack. The yak completely misses you.
You hit the yak but do no damage.
The yak is heavily wounded.
The yak misses you.
You barely miss the yak.
The yak is heavily wounded.
You block the yak's attack. The yak gores you!
* * * LOW HITPOINT WARNING * * *
The yak gores you!
* * * LOW HITPOINT WARNING * * *
It was a potion of curing.
You feel better. The yak misses you. You block the yak's attack.
You block the yak's attack. The yak barely misses you. The yak misses you.
The yak gores you!
* * * LOW HITPOINT WARNING * * *
The yak gores you!
You die...

#.....#.#.# #.###.#.#.#
## #.###.###.#.#.# #.
#......#..#.#.# #.
#.#####.....#.#.########.
#....................).))
#.#.####.#.##.#.#########
#.#.# #Y#....#.# # #.#.#
#@###..#.# #.#.#.# #.#
#..#.#
#####.#.#.####.###..#.#
.......>..............#
#####.#.#.####.###.....
#.#.#.# #.# #.....
#.#.#.# #.# .......
#.#.#.# #.# #.#.#.# #.#


You could see a yak (berserk).

Vanquished Creatures
  The ghost of Nuatha the Covert, a novice SpAK of Lugonu (D:6)
  Sigmund (D:3)
  A yak (D:7)
  A human (D:7)
  2 hogs (D:7)
  Menkaure (D:5)
  The ghost of DEFE the Skirmisher, an amateur TeAK of Lugonu (D:4)
  Duvessa (D:7)
  2 orc warriors (D:6)
  A sky beast (D:6)
  An ogre (D:7)
  A centaur (D:6)
  A big kobold (D:6)
  A bullfrog (D:7)
  Dowan (D:7)
  A scorpion (D:4)
  3 crimson imps
  3 hounds (D:5)
  Crazy Yiuf (D:3)
  2 orc priests
  A jelly (D:6)
  2 bullfrog skeletons
  An iguana (D:4)
  3 orc wizards
  Natasha (twice) (D:3)
  3 worker ants
  A hound skeleton (D:6)
  3 gnolls (D:7)
  8 adders
  A shadow imp (D:5)
  An adder skeleton (D:6)
  4 worms
  3 dart slugs
  5 leopard geckos
  33 orcs
  5 giant cockroaches
  8 goblins
  8 hobgoblins
  3 jackals (D:1)
  19 kobolds
  A quokka (D:2)
  6 bats
  5 frilled lizards
  2 quokka skeletons
  A quokka zombie (D:7)
  3 rats
159 creatures vanquished.

Notes
Turn   | Place    | Note
-------+----------+-------------------------------------------
     0 | D:1      | dobroeutro the Demonspawn Gladiator began the quest for the Orb.
     0 | D:1      | Reached XP level 1. HP: 16/16 MP: 1/1
    59 | D:1      | Gained mutation: You sometimes gain a little power by taking damage. [demonic ancestry]
    59 | D:1      | Reached XP level 2. HP: 11/22 MP: 2/2
   535 | D:1      | Reached XP level 3. HP: 22/28 MP: 3/3
  1395 | D:2      | Gained mutation: You are partially covered in large bone plates. (SH +4) [demonic ancestry]
  1395 | D:2      | Reached XP level 4. HP: 35/35 MP: 4/4
  1711 | D:3      | Noticed Sigmund
  1830 | D:3      | Gained mutation: You are mostly covered in large bone plates. (SH +6) [demonic ancestry]
  1830 | D:3      | Reached XP level 5. HP: 33/41 MP: 5/5
  2185 | D:3      | Found a runed door.
  2189 | D:3      | Noticed Crazy Yiuf
  2195 | D:3      | Killed Crazy Yiuf
  2460 | D:3      | Found a hide-covered altar of Uskayaw.
  2460 | D:3      | Found a glowing golden altar of the Shining One.
  2507 | D:3      | Killed Sigmund
  2507 | D:3      | Reached skill level 5 in Staves
  2507 | D:3      | Reached XP level 6. HP: 41/50 MP: 6/6
  2574 | D:3      | Noticed Natasha
  2586 | D:3      | Killed Natasha
  2586 | D:3      | Reached skill level 5 in Fighting
  2828 | D:3      | Noticed Natasha
  2833 | D:3      | Killed Natasha
  2973 | D:4      | Found an ancient bone altar of Kikubaaqudgha.
  3125 | D:4      | Noticed DEFE's ghost (amateur TeAK)
  3147 | D:4      | Killed DEFE's ghost
  3147 | D:4      | Reached XP level 7. HP: 33/56 MP: 7/7
  3307 | D:4      | Found a snail-covered altar of Cheibriados.
  3329 | D:4      | Found a staircase to the Ecumenical Temple.
  3367 | Temple   | Entered the Ecumenical Temple
  3605 | D:5      | Entered Level 5 of the Dungeon
  3706 | D:5      | Noticed Menkaure
  3948 | D:5      | Found a shattered altar of Ashenzari.
  3962 | D:5      | Killed Menkaure
  4114 | D:5      | Noticed a yak
  4114 | D:5      | Noticed a yak
  4252 | D:5      | Noticed a yak
  4253 | D:5      | Noticed a yak
  4285 | D:5      | Noticed a yak
  4322 | D:6      | Gained mutation: You have sharp fingernails. [demonic ancestry]
  4322 | D:6      | Reached XP level 8. HP: 58/65 MP: 8/8
  4538 | D:6      | Gained mutation: You are resistant to electric shocks. (rElec) [mutagenic meat]
  4539 | D:6      | Gained mutation: You are robust. (+10% HP) [mutagenic meat]
  4540 | D:6      | Gained mutation: You are resistant to hostile enchantments. (MR+) [mutagenic meat]
  4541 | D:6      | Gained mutation: You regenerate slowly when monsters are visible. [mutagenic meat]
  4542 | D:6      | Lost mutation: You are robust. (+10% HP) [mutagenic meat]
  4543 | D:6      | Gained mutation: You have sharp toenails. [mutagenic meat]
  4552 | D:6      | Found Uguith's Weapon Emporium.
  4664 | D:6      | Noticed Nuatha's ghost (novice SpAK)
  4678 | D:6      | Killed Nuatha's ghost
  4960 | D:6      | Found a stormy altar of Qazlal.
  5268 | D:7      | Reached skill level 1 in Armour
  5269 | D:7      | Gained mutation: You regenerate a little health from kills. [demonic ancestry]
  5269 | D:7      | Reached XP level 9. HP: 74/74 MP: 9/9
  5529 | D:7      | Noticed Dowan
  5531 | D:7      | Noticed Duvessa
  5544 | D:7      | Killed Duvessa
  5587 | D:7      | Killed Dowan
  5674 | D:7      | Slain by a yak

Vault maps used:
D:1:      dpeg_arrival_tiny_d
D:2:      wad_crossroads, moated_statue
D:3:      chequers_temple_overflow_statue_of_worship, first_bread,
          minmay_misc_feat_tiny, uniq_natasha, uniq_sigmund,
          uniq_crazy_yiuf_cottage
D:4:      kennysheep_little_box, kennysheep_slug_shrine,
          hangedman_decor_opposing, st_stairs_14
D:5:      nicolae_overflow_crystal_walls, grunt_decor_cap, uniq_menkaure
D:6:      serial_shops, nicolae_shop_waterfront,
          nicolae_qazlal_general_emergency
D:7:      grunt_livestock, sigmund_army, uniq_duvessa
Temple:   dshaligram_water_room_temple

Skill      XL: |  1  2  3  4  5  6  7  8  9 |
---------------+----------------------------+-----
Staves         | 3 4 5 6 8 |  8.8
Fighting       | 3 4 5 6 8 |  8.1
Armour         | 1 3 |  3.1
Dodging        | 3 4 |  4.4
Throwing       | |  1.7

Action                   |  1- 3 |  4- 6 |  7- 9 || total
-------------------------+-------+-------+-------++-------
Melee: Quarterstaff      |   137 |   202 |   276 ||   615
  Use: Scroll            |       |       |    10 ||    10
       Potion            |       |       |     1 ||     1
 Stab: Sleeping          |     1 |       |       ||     1
       Paralysed         |       |       |     1 ||     1
  Eat: Chunk             |     2 |     4 |    23 ||    29
       Beef jerky        |       |       |     1 ||     1
Armor: Leather armour    |    67 |    47 |    41 ||   155
       Ring mail         |       |       |    12 ||    12
Dodge: Dodged            |   135 |    92 |   117 ||   344
Block: Other             |       |    39 |    67 ||   106
